Workbook

Sheet Anexo III
A1: PRÓ-REITORIA DE ADMINISTRAÇÃO
A2: COORDENAÇÃO DE MATERIAIS
A3: ANEXO III - PLANILHA ESTIMATIVA DE DESCRIÇÃO E PREÇOS
A5: ITEM LICITAÇÃO | B5: DESCRIÇÃO/ ESPECIFICAÇÃO | C5: UNIDADE DE MEDIDA | D5: SUGESTÃO DE CATMAT | E5: INFORMAÇÕES ADICIONAIS | F5: QUANTIDADE | G5: VALOR UNITÁRIO | H5: VALOR TOTAL | I5: EXCLUSIVO ME/EPP | J5: MODO DE DISPUTA | K5: INTERVALO LANCES
A6: 1 | B6: 1,10- Fenantrolina (Orto-Fenantrolina) P.A. A.C.S - Aspecto físico: Pó, Peso molecular: 198,23 g/mol, Fórmula química: C12H8N2.H2O, Pureza mínima: 99%, Número de referência química: CAS 5144-89-8. Fornecimento em frasco de 25 gramas. | C6: Grama | D6: 392002 | E6: CTF/APP: FTE - Categoria: Indústria Química; Código:15 | F6: 325 | G6: 11.81 | H6: =F6*ROUND(G6,2) -> 3838.25 | I6: SIM | J6: Aberto | K6: =VLOOKUP(G6, Intervalos!$B$3:$C$8,2,TRUE) -> 0.03
A7: 2 | B7: 2-Aminoetil Difenilborinato 97% para TLC - Número do CAS: 524-95-8; Formula: (C6H5)2BOCH2CH2NH2; Peso molecular: 225,09; Aspecto físico: sólido branco; Pureza > 97% - fornecimento em frasco de 5g. | C7: Grama | D7: 379728 | E7: CTF/APP: FTE - Categoria: Indústria Química; Código:15 | F7: 125 | G7: 245.87 | H7: =F7*ROUND(G7,2) -> 30733.75 | I7: SIM | J7: Aberto | K7: =VLOOKUP(G7, Intervalos!$B$3:$C$8,2,TRUE) -> 0,10%
A8: 3 | B8: 4-aminoantipirina, padrão analítico, peso molecular 203,42; numero CAS 83-07-8. Fornecimento em frasco com 100 miligramas. | C8: Miligrama | D8: 360798 | E8: CTF/APP: FTE - Categoria: Indústria Química; Código:15 | F8: =4*100 -> 400 | G8: =380/100 -> 3.8 | H8: =F8*ROUND(G8,2) -> 1520 | I8: SIM | J8: Aberto | K8: =VLOOKUP(G8, Intervalos!$B$3:$C$8,2,TRUE) -> 0.01
A9: 4 | B9: 8-Hidroxiquinolina, 99%, CAS 148-24-3. Fornecimento em frasco de 100 gramas. | C9: Grama | D9: 420508 | E9: CTF/APP: FTE - Categoria: Indústria Química; Código:15 | F9: 300 | G9: 2.22 | H9: =F9*ROUND(G9,2) -> 666 | I9: SIM | J9: Aberto | K9: =VLOOKUP(G9, Intervalos!$B$3:$C$8,2,TRUE) -> 0.01
A10: 5 | B10: Ácido 2,2′-azino-bis(3-etilbenzotiazolina-6-sulfônico). Reagente em sólido em pó. Fórmula molecular C18H24N6O6S4. Pureza ≥98%. CAS Number 30931-67-0. Peso molecular: 548,68. Fornecimento em frasco de 1g. | C10: Grama | D10: 356993 | E10: CTF/APP: FTE - Categoria: Indústria Química; Código:15 | F10: 3 | G10: 749.23 | H10: =F10*ROUND(G10,2) -> 2247.69 | I10: SIM | J10: Aberto | K10: =VLOOKUP(G10, Intervalos!$B$3:$C$8,2,TRUE) -> 0,10%
A11: 6 | B11: Ácido 2-metilhipurico, 98%, peso molecular 193,20; número CAS 42013-20-7; embalagem: frasco contendo 1 grama. | C11: Grama | D11: 435112 | E11: CTF/APP: FTE - Categoria: Indústria Química; Código:15 | F11: 9 | G11: 658.5 | H11: =F11*ROUND(G11,2) -> 5926.5 | I11: SIM | J11: Aberto | K11: =VLOOKUP(G11, Intervalos!$B$3:$C$8,2,TRUE) -> 0,10%
A12: 7 | B12: Ácido 3-cloroperbenzóico - Aspecto físico: Pó Ou Flocos Brancos Ou Esbranquiçados, Fórmula química: ClC6H4CO3H(Ácido 3-Cloroperbenzóico), Peso molecular: 172,57 g/mol, Grau De Pureza: Teor Em Torno De 75%, Número de referência química: CAS 937-14-4 - Fornecimento em frasco de 25 gramas. | C12: Grama | D12: 381842 | E12: CTF/APP: FTE - Categoria: Indústria Química; Código:15 | F12: 50 | G12: 23.78 | H12: =F12*ROUND(G12,2) -> 1189 | I12: SIM | J12: Aberto | K12: =VLOOKUP(G12, Intervalos!$B$3:$C$8,2,TRUE) -> 0.05
A13: 8 | B13: Ácido 3-metilhipurico, 98%, peso molecular 193,20; número CAS 27115-49-7; embalagem: frasco contendo 1 grama. | C13: Grama | D13: 435110 | E13: CTF/APP: FTE - Categoria: Indústria Química; Código:15 | F13: 4 | G13: 622.5 | H13: =F13*ROUND(G13,2) -> 2490 | I13: SIM | J13: Aberto | K13: =VLOOKUP(G13, Intervalos!$B$3:$C$8,2,TRUE) -> 0,10%
A14: 9 | B14: Ácido Aurintricarboxilico Amoníaco PA (Aluminon PA). CAS: 569-58-4. Fórmula: C22H23N3O9. Peso molecular: 473,43 g/mol. Fornecimento em frasco de 25 gramas. | C14: Grama | D14: 387365 | E14: CTF/APP: FTE - Categoria: Indústria Química; Código:15 | F14: 75 | G14: 7.81 | H14: =F14*ROUND(G14,2) -> 585.75 | I14: SIM | J14: Aberto | K14: =VLOOKUP(G14, Intervalos!$B$3:$C$8,2,TRUE) -> 0.02
A15: 10 | B15: Ácido cloroacético - Aspecto físico: pó cristalino / flocos brancos, odor característico, Fórmula química: C2H2ClO2, Peso molecular: 94,51, Grau de Pureza mínima: 98%, Número de referência química: CAS 79-11-8. Fornecimento em frasco de 500 gramas. | C15: Grama | D15: 393102 | E15: CTF/APP: FTE - Categoria: Indústria Química; Código:15 | F15: =25*500 -> 12500 | G15: =81.44/500 -> 0.16288 | H15: =F15*ROUND(G15,2) -> 2000 | I15: SIM | J15: Aberto | K15: =VLOOKUP(G15, Intervalos!$B$3:$C$8,2,TRUE) -> 0.01
A16: 11 | B16: Ácido L (+) Tartárico (2,3-Di-Hidroxibutanodioico) P.A. - A.C.S. - Aspecto físico: Sólido Cristalino Branco, Inodoro, Peso molecular: 150,9, Fórmula química: C4h6o6, Pureza: 99,0%, Número de referência química Cas 87-69-4. Fornecimento Em Frasco De 500 Gramas | C16: Grama | D16: 370125 | E16: CTF/APP: FTE - Categoria: Indústria Química; Código:15 | F16: 1500 | G16: 0.18 | H16: =F16*ROUND(G16,2) -> 270 | I16: SIM | J16: Aberto | K16: =VLOOKUP(G16, Intervalos!$B$3:$C$8,2,TRUE) -> 0.01
A17: 12 | B17: Alquilpoliglicosídeo - Lauril glucosídeo - Plantaren® 1200 N UP - alquil-poliglucósido (APG®) surfactantes não iônicos. CAS: 110615-47-9. Aspecto Físico: Pasta à liquido viscoso. Teor de Sólidos (%): 48,0 – 55,0. Substância Ativa (%): 48,0 – 52,0. Fornecimento em frasco de 1Kg. | C17: Quilograma | D17: 429626 | E17: CTF/APP: FTE - Categoria: Indústria Química; Código:15 | F17: 13 | G17: 69.96 | H17: =F17*ROUND(G17,2) -> 909.48 | I17: SIM | J17: Aberto | K17: =VLOOKUP(G17, Intervalos!$B$3:$C$8,2,TRUE) -> 0.1
A18: 13 | B18: Aminoácidos de seda - proteína hidrolisada da seda - Aspecto físico: líquido levemente amarelo a castanho. Indicação: formulação de shampoos, condicionadores, e outros produtos cosméticos. Fornecimento em frasco ou pacote de 100g. | C18: Grama | D18: 454459 | E18: CTF/APP: FTE - Categoria: Indústria Química; Código:15 | F18: 300 | G18: 18.4 | H18: =F18*ROUND(G18,2) -> 5520 | I18: SIM | J18: Aberto | K18: =VLOOKUP(G18, Intervalos!$B$3:$C$8,2,TRUE) -> 0.03
A19: 14 | B19: Anilina P.A.- A.C.S. Fórmula Química: C6h7n; Massa Molar: 93,13 g/MOL; Aspecto Físico: Líquido; Grau De Pureza*: Pureza Mínima De 99,5%; Número De Referência Química: Cas 62-53-3. Reagente fornecido em frasco de 1 litro. | C19: Litro | D19: 456243 | E19: CTF/APP: FTE - Categoria: Indústria Química; Código:15 | F19: 7 | G19: 130.34 | H19: =F19*ROUND(G19,2) -> 912.38 | I19: SIM | J19: Aberto | K19: =VLOOKUP(G19, Intervalos!$B$3:$C$8,2,TRUE) -> 0,10%
A20: 15 | B20: Anisol P.S - Aspecto Físico: Líquido Incolor, Fórmula Química: CH3OC6H5, Peso Molecular: 108,14 g/mol, Grau De Pureza: Pureza Mínima De 99%, Reagente para síntese, Número De Referência Química: CAS 100-66-3 - Fornecimento em frasco de 100 mL | C20: Mililitro | D20: 382238 | E20: CTF/APP: FTE - Categoria: Indústria Química; Código:15 | F20: 200 | G20: 6.52 | H20: =F20*ROUND(G20,2) -> 1304 | I20: SIM | J20: Aberto | K20: =VLOOKUP(G20, Intervalos!$B$3:$C$8,2,TRUE) -> 0.02
A21: 16 | B21: Arabinose L (+) - Aspecto físico: pó branco ou esbranquiçado, Peso molecular 150,13 g/mol, Fórmula química: C5H10O5, Grau de Pureza mínima de 99,5%, Número de referência química: CAS 5328-37-0. Fornecimento em frasco de 25g | C21: Grama | D21: 414404 | E21: CTF/APP: FTE - Categoria: Indústria Química; Código:15 | F21: 75 | G21: 7.71 | H21: =F21*ROUND(G21,2) -> 578.25 | I21: SIM | J21: Aberto | K21: =VLOOKUP(G21, Intervalos!$B$3:$C$8,2,TRUE) -> 0.02
A22: 17 | B22: Arbutina (4-Hidroxifenil-β-D-glucopyranoside, p -Arbutin, hidroquinona β- D-glucopiranósido), Apresentação: pó, Fórmula empírica: C12H16O7 Peso Molecular: 272.25, Pureza mínima de 98%, Número CAS: 497-76-7. Fornecimento em frasco de 25g. | C22: Grama | D22: 626764 | E22: CTF/APP: FTE - Categoria: Indústria Química; Código:15 | F22: =3*25 -> 75 | G22: =4393.5/25 -> 175.74 | H22: =F22*ROUND(G22,2) -> 13180.5 | I22: SIM | J22: Aberto | K22: =VLOOKUP(G22, Intervalos!$B$3:$C$8,2,TRUE) -> 0,10%
A23: 18 | B23: Beta-cariofileno (-)-trans-cariofileno 98%, mistura de enantiômeros (padrão analítico para CG). Aspecto Físico: Líquido Oleoso, Límpido, Incolor À Leve Amarelado; Fórmula Química: C15h24 (Beta-Cariofileno); Peso Molecular: 204,35 G/MOL; Grau De Pureza: Teor 98%; Número De Referência Química: CAS No.: 87-44-5. Padrão para análises quantitativas em óleos essenciais obtidos a partir de fontes vegetais. Fornecimento em frasco de 5 mL. | C23: Mililitro | D23: 380224 | E23: CTF/APP: FTE - Categoria: Indústria Química; Código:15 | F23: =5*5 -> 25 | G23: =2416.5/5 -> 483.3 | H23: =F23*ROUND(G23,2) -> 12082.5 | I23: SIM | J23: Aberto | K23: =VLOOKUP(G23, Intervalos!$B$3:$C$8,2,TRUE) -> 0,10%
A24: 19 | B24: Bicarbonato de sódio P.A A.C.S - Aspecto físico: sólido, Fórmula química: NaHCO3, Pureza mínima: 99,7%, Peso molecular: 84,01 g/mol, Número de referência química: CAS 144-55-8. Fornecimento em frasco de 500g | C24: Grama | D24: 401189 | E24: CTF/APP: FTE - Categoria: Indústria Química; Código:15 | F24: 16500 | G24: 0.03 | H24: =F24*ROUND(G24,2) -> 495 | I24: SIM | J24: Aberto | K24: =VLOOKUP(G24, Intervalos!$B$3:$C$8,2,TRUE) -> 0.01
A25: 20 | B25: Biftalato de potássio P.A (Ftalato Ácido) - Aspecto físico: sólido, Fórmula química: C8H5KO4, Pureza mínima: 99,9%, Peso molecular: 204,22 g/mol, Características adicionais: reagente padrão primário, Número de referência química: CAS 877-24-7. Fornecimento em frasco de 100g. | C25: Grama | D25: 347386 | E25: CTF/APP: FTE - Categoria: Indústria química; Código:15 | F25: 1000 | G25: 2.58 | H25: =F25*ROUND(G25,2) -> 2580 | I25: SIM | J25: Aberto | K25: =VLOOKUP(G25, Intervalos!$B$3:$C$8,2,TRUE) -> 0.01
A26: 21 | B26: Cálcio Metálico - Aspecto Físico Granulado, Cor Acinzentada, Inodoro, Peso Molecular 40,8, Fórmula Química Ca Puro, Grau De Pureza Pureza Mínima De 98%, Característica Adicional Reagente, Número De Referência Química Cas 7440-70-2. Fornecimento em frasco de 100g | C26: Grama | D26: 348061 | E26: CTF/APP: FTE - Categoria: Indústria Química; Código:15 | F26: 300 | G26: 650 | H26: =F26*ROUND(G26,2) -> 195000 | I26: NÃO | J26: Aberto | K26: =VLOOKUP(G26, Intervalos!$B$3:$C$8,2,TRUE) -> 0,10%
A27: 22 | B27: Carbômero 980 (Carbopol 980) - Polímero carboxivinílico. Ácido poliacrílico. Agente espessante, agente estabilizante de emulsões e modificador de fluxo. Formula molecular: [-CH2-CH(COOH)-]n, CAS 9003-01-4. Fornecimento em frasco de 500g. | C27: Grama | D27: 414033 | E27: CTF/APP: FTE - Categoria: Indústria Química; Código:15 | F27: =2*500 -> 1000 | G27: =230.52/500 -> 0.46104 | H27: =F27*ROUND(G27,2) -> 460 | I27: SIM | J27: Aberto | K27: =VLOOKUP(G27, Intervalos!$B$3:$C$8,2,TRUE) -> 0.01
A28: 23 | B28: Carbonato de Amônio P.A A.C.S - Aspecto físico: Pó Incolor, Fórmula química: Ch8n2o3, Peso molecular: 96,09 G/Mol, Teor Como Nh3: Mínimo 30%, Número de referência química: Cas 506-87-6. Fornecimento em frasco de 500g. | C28: Grama | D28: 375316 | E28: CTF/APP: FTE - Categoria: Indústria Química; Código:15 | F28: 3500 | G28: 0.09 | H28: =F28*ROUND(G28,2) -> 315 | I28: SIM | J28: Aberto | K28: =VLOOKUP(G28, Intervalos!$B$3:$C$8,2,TRUE) -> 0.01
A29: 24 | B29: Carbonato de Cálcio P.A. A.C.S - Aspecto físico: Pó Branco, Peso molecular: 100,09 G/Mol, Fórmula química: Caco3, Pureza mínima: 99%, Número de referência química: Cas 471-34-1. Fornecimento em frasco de 500g. | C29: Grama | D29: 347884 | E29: CTF/APP: FTE - Categoria: Indústria Química; Código:15 | F29: 15000 | G29: 0.03 | H29: =F29*ROUND(G29,2) -> 450 | I29: SIM | J29: Aberto | K29: =VLOOKUP(G29, Intervalos!$B$3:$C$8,2,TRUE) -> 0.01
A30: 25 | B30: Carbonato de potássio anidro P.A. A.C.S – Aspecto físico: pó cristalino branco , Fórmula química: K2CO3, Peso molecular: 138, 21 g/mol, Pureza: 99%, Densidade: 2, 43 g/cm3. Número de referência química: CAS 584-08-7. Fornecimento em frasco de 500g. | C30: Grama | D30: 347951 | E30: CTF/APP: FTE - Categoria: Indústria Química; Código:15 | F30: 3500 | G30: 0.08 | H30: =F30*ROUND(G30,2) -> 280 | I30: SIM | J30: Aberto | K30: =VLOOKUP(G30, Intervalos!$B$3:$C$8,2,TRUE) -> 0.01
A31: 26 | B31: Cera Lanette N (álcool cetoestarilico + cetil estearil sulfato de sódio). Matéria-prima grau farmacêutico. Cera emulsificante, Aspecto físico: mistura branca de cetil estearil sulfato de sódio e, aplicação cremes e emulsões, tipo lanette N. | C31: frasco de 500g | D31: 307435 | E31: CTF/APP: FTE - Categoria: Indústria Química; Código:15 | F31: 2 | G31: 183.59 | H31: =F31*ROUND(G31,2) -> 367.18 | I31: SIM | J31: Aberto | K31: =VLOOKUP(G31, Intervalos!$B$3:$C$8,2,TRUE) -> 0,10%
A32: 27 | B32: Ciclohexano P.A. A.C.S - Aspecto Físico: Liquido Incolor, Peso Molecular: 84,16 G/Mol, Fórmula Química: C6h12, Pureza Mínima: 99,5%, Número De Referência Química Cas: 110-82-7. Fornecimento em frasco de 1 Litro | C32: Litro | D32: 348089 | E32: CTF/APP: FTE - Categoria: Indústria Química; Código:15 | F32: 5 | G32: 70.77 | H32: =F32*ROUND(G32,2) -> 353.85 | I32: SIM | J32: Aberto | K32: =VLOOKUP(G32, Intervalos!$B$3:$C$8,2,TRUE) -> 0.1
A33: 28 | B33: Ciclohexanol - Aspecto Físico: Líquido Incolor, Higroscópico, Odor Característico, Peso Molecular: 100,16 g/mol, Fórmula Química: C6H11OH, Grau De Pureza: Pureza Mínima De 99%, Característica Adicional: Reagente para síntese. Número De Referência Química: CAS 108-93-0. | C33: Litro | D33: 412964 | E33: CTF/APP: FTE - Categoria: Indústria Química; Código:15 | F33: 7 | G33: 448.31 | H33: =F33*ROUND(G33,2) -> 3138.17 | I33: SIM | J33: Aberto | K33: =VLOOKUP(G33, Intervalos!$B$3:$C$8,2,TRUE) -> 0,10%
A34: 29 | B34: Ciclometicone (DC 344, Silicone volátil) Matéria-prima grau farmacêutico / cosmético | C34: Litro | D34: 368971 | E34: CTF/APP: FTE - Categoria: Indústria Química; Código:15 | F34: 15 | G34: 182.3 | H34: =F34*ROUND(G34,2) -> 2734.5 | I34: SIM | J34: Aberto | K34: =VLOOKUP(G34, Intervalos!$B$3:$C$8,2,TRUE) -> 0,10%
A35: 30 | B35: Citrato de sódio anidro USP/ FCC - Aspecto físico cristal fino, composição C6H5O7NA3 , Peso Molecular 258, 07, grau de pureza minima de 99%, número de referencia química CAS 68-04-2. Fornecimento em embalagem de 1Kg. | C35: Quilograma | D35: 397999 | E35: CTF/APP: FTE - Categoria: Indústria Química; Código:15 | F35: 25 | G35: =0.06*1000 -> 60 | H35: =F35*ROUND(G35,2) -> 1500 | I35: SIM | J35: Aberto | K35: =VLOOKUP(G35, Intervalos!$B$3:$C$8,2,TRUE) -> 0.1
A36: 31 | B36: Cloral Hidratado solução 10% - Aspecto físico líquido; CAS: 302-17-0; Fórmula Química: C2h3cl3o2; Peso Molecular: 165,40 G/MOL; concentração 10% (10g/100mL). Fornecimento em frasco de 1L. | C36: Litro | D36: 385476 | E36: CTF/APP: FTE - Categoria: Indústria Química; Código:15 | F36: 4 | G36: 537.91 | H36: =F36*ROUND(G36,2) -> 2151.64 | I36: SIM | J36: Aberto | K36: =VLOOKUP(G36, Intervalos!$B$3:$C$8,2,TRUE) -> 0,10%
A37: 32 | B37: Cloreto de Cálcio Dihidratado 2 H2o P.A -Aspecto Físico: Cristalino Branco, Fórmula Química: Cacl2.2h20, Peso Molecular: 147,01 G/Mol, Pureza Mínima: 99%, Número De Referência Química Cas: 10035-04-8. Fornecimento em frasco de 500g. | C37: Grama | D37: 412633 | E37: CTF/APP: FTE - Categoria: Indústria Química; Código:15 | F37: 5000 | G37: 0.06 | H37: =F37*ROUND(G37,2) -> 300 | I37: SIM | J37: Aberto | K37: =VLOOKUP(G37, Intervalos!$B$3:$C$8,2,TRUE) -> 0.01
A38: 33 | B38: Cloreto De Cetil Piridino monohidratado (H2O) P.A. - CAS 6004-24-6, Fórmula: C21H38NCl . H2O, Peso Molecular: 358,01, Aspecto físico: sólido branco. Fornecimento em frasco de 100g. | C38: Grama | D38: 353524 | E38: CTF/APP: FTE - Categoria: Indústria Química; Código:15 | F38: 500 | G38: 1.05 | H38: =F38*ROUND(G38,2) -> 525 | I38: SIM | J38: Aberto | K38: =VLOOKUP(G38, Intervalos!$B$3:$C$8,2,TRUE) -> 0.01
A39: 34 | B39: Cloreto de Cromo III (Ico) Anidro P.A - Aspecto Físico: Cristal Preto Esverdeado À Violáceo, Fórmula Química: Crcl3 Anidro, Peso Molecular: 158,36 G/Mol, Pureza Mínima: 98%, Número De Referência Química Cas 10025-73-7. Fornecimento em frasco de 250g. | C39: Grama | D39: 374564 | E39: CTF/APP: FTE - Categoria: Indústria Química; Código:15 | F39: 750 | G39: 67.83 | H39: =F39*ROUND(G39,2) -> 50872.5 | I39: SIM | J39: Aberto | K39: =VLOOKUP(G39, Intervalos!$B$3:$C$8,2,TRUE) -> 0.1
A40: 35 | B40: Cloreto de estanho IV anidro - Aspecto Físico: Líquido Incolor, Fórmula Química: SnCl4 (Cloreto De Estanho IV), Peso Molecular: 260,52 g/mol, Teor De Pureza: Pureza Mínima De 98%, Número De Referência Química: CAS 7646-78-8 - Fornecimento em frasco de 250 g | C40: Grama | D40: 381591 | E40: CTF/APP: FTE - Categoria: Indústria Química; Código:15 | F40: 500 | G40: 2.99 | H40: =F40*ROUND(G40,2) -> 1495 | I40: SIM | J40: Aberto | K40: =VLOOKUP(G40, Intervalos!$B$3:$C$8,2,TRUE) -> 0.01
A41: 36 | B41: Cloreto de fosforila (oxicloreto de fósforo V) - Fórmula Química: POCl3, Aspecto Físico: Líquido incolor, inodoro, Peso Molecular: 153,33 g/mol, Grau De Pureza: Pureza Mínima De 99% Característica Adicional: Reagente para síntese, Número De Referência Química: CAS 10025-87-3 - Fornecimento em frasco de 250 mL. | C41: Mililitro | D41: 381298 | E41: CTF/APP: FTE - Categoria: Indústria Química; Código:15 | F41: 500 | G41: 1.53 | H41: =F41*ROUND(G41,2) -> 765 | I41: SIM | J41: Aberto | K41: =VLOOKUP(G41, Intervalos!$B$3:$C$8,2,TRUE) -> 0.01
A42: 37 | B42: Cobre - Aspecto físico: em aparas, fórmula química: Cu, Peso molecular: 63,54 g/mol, Pureza mínima: 99%, Características adicionais: reagente p.a., número de referência química : cas 7440-50-8. Fornecimento em embalagem de 500g | C42: Grama | D42: 436172 | E42: CTF/APP: FTE - Categoria: Indústria Química; Código:15 | F42: 3500 | G42: 0.61 | H42: =F42*ROUND(G42,2) -> 2135 | I42: SIM | J42: Aberto | K42: =VLOOKUP(G42, Intervalos!$B$3:$C$8,2,TRUE) -> 0.01
A43: 38 | B43: Cocoamidopropilbetaína: Aspecto Físico Transparente, Amarelo Pálido, Fórmula Química C19h38n2o2, Peso Molecular: 326,52 G/Mol, Teor Mínimo De 29,5%, Número De Referência Química Cas 86438-79-1. Fornecimento em frasco de 1 Litro | C43: Litro | D43: 348555 | E43: CTF/APP: FTE - Categoria: Indústria Química; Código:15 | F43: 13 | G43: 25.78 | H43: =F43*ROUND(G43,2) -> 335.14 | I43: SIM | J43: Aberto | K43: =VLOOKUP(G43, Intervalos!$B$3:$C$8,2,TRUE) -> 0.05
A44: 39 | B44: Composto químico, composição curcumina - Apresentação: pó amarelo alaranjado. Número de referência química CAS 458-37-7. Fornecimento em frasco de 10g | C44: Grama | D44: 630022 | E44: CTF/APP: FTE - Categoria: Indústria Química; Código:15 | F44: 130 | G44: 11.6 | H44: =F44*ROUND(G44,2) -> 1508 | I44: SIM | J44: Aberto | K44: =VLOOKUP(G44, Intervalos!$B$3:$C$8,2,TRUE) -> 0.03
A45: 40 | B45: Corante Eosina Azul de Metileno segundo Giemsa - Aspecto físico líquido, Ponto de ebulição >65 °C (1013 hPa), Densidade 0.99 g/cm3 (20 °C), liimite de explosão 5.5 - 44 %(V) Metanol, Ponto de fulgor 18 °C, Temperatura de ignição 455 °C, Valor do pH 6.1 - 7.0 (H₂O, 20 °C) (Não diluído). Ponto de ebulição >65 °C (1013 hPa), Densidade 0.99 g/cm3 (20 °C), liimite de explosão 5.5 - 44 %(V) Metanol, Ponto de fulgor 18 °C, Temperatura de ignição 455 °C, Valor do pH 6.1 - 7.0 (H₂O, 20 °C) (Não diluído). Fornecimento em frasco de 1 litro. | C45: Litro | D45: 327358 | E45: CTF/APP: FTE - Categoria: Indústria química; Código:15 | F45: 15 | G45: 202.22 | H45: =F45*ROUND(G45,2) -> 3033.3 | I45: SIM | J45: Aberto | K45: =VLOOKUP(G45, Intervalos!$B$3:$C$8,2,TRUE) -> 0,10%
A46: 41 | B46: Corante, tipo azul de toluidina - Aspecto físico: pó - Características adicionais: CI 152040. Fornecimento em frasco de 25g | C46: Frasco 25g | D46: 361068 | E46: CTF/APP: FTE - Categoria: Indústria Química; Código:15 | F46: 13 | G46: 95.5 | H46: =F46*ROUND(G46,2) -> 1241.5 | I46: SIM | J46: Aberto | K46: =VLOOKUP(G46, Intervalos!$B$3:$C$8,2,TRUE) -> 0.1
A47: 42 | B47: Corante, tipo fucsina básica - Aspecto físico: pó. Característica adicional: CI42510. Fornecimento em frasco de 25g | C47: Frasco 25g | D47: 331021 | E47: CTF/APP: FTE - Categoria: Indústria Química; Código:15 | F47: 13 | G47: 25.55 | H47: =F47*ROUND(G47,2) -> 332.15 | I47: SIM | J47: Aberto | K47: =VLOOKUP(G47, Intervalos!$B$3:$C$8,2,TRUE) -> 0.05
A48: 43 | B48: Corante, tipo violeta cristal. Aspecto físico: pó. Características adicionais: CI 42555. Fornecimento em frasco de 25 g | C48: frasco de 25 g | D48: 327487 | E48: CTF/APP: FTE - Categoria: Indústria Química; Código:15 | F48: 25 | G48: 26.67 | H48: =F48*ROUND(G48,2) -> 666.75 | I48: SIM | J48: Aberto | K48: =VLOOKUP(G48, Intervalos!$B$3:$C$8,2,TRUE) -> 0.05
A49: 44 | B49: Digoxina (padrão analítico) - Fórmula Química: C41H64O14, Peso molecular: 780,94 g/mol, Material certificado farmacopeico. Número de referência química CAS 20830-75-5. Fornecimento em frasco de 300mg. | C49: Miligrama | D49: 624945 | E49: CTF/APP: FTE - Categoria: Indústria Química; Código:15 | F49: =13*300 -> 3900 | G49: =2335.37/300 -> 7.7845667 | H49: =F49*ROUND(G49,2) -> 30342 | I49: SIM | J49: Aberto | K49: =VLOOKUP(G49, Intervalos!$B$3:$C$8,2,TRUE) -> 0.02
A50: 45 | B50: Dihidrocloreto de 4’,6 – diamidino-2- fenilindol (DAPI) - Fórmula química: C₁₆H₁₅N₅*2HCl; Peso molecular: 350.25 g/mol; Pureza mínima: 98%, CAS 28718-90-3. Fornecimento em frasco de 10mg. | C50: Miligrama | D50: 630040 | E50: CTF/APP: FTE - Categoria: Indústria Química; Código:15 | F50: =13*10 -> 130 | G50: =1316.49/10 -> 131.649 | H50: =F50*ROUND(G50,2) -> 17114.5 | I50: SIM | J50: Aberto | K50: =VLOOKUP(G50, Intervalos!$B$3:$C$8,2,TRUE) -> 0,10%
A51: 46 | B51: Dimetilsulfóxido deuterado-D6 99% com 0,03% de TMS (DMSO-d6). Utilizado na solubilização de substâncias orgânicas para análises espectroscópicas por RMN (Ressonância Magnética Nuclear). Aspecto físico líquido límpido, incolor, odor suave, Peso molecular: 84,17, composição química CD3SOCD3 (hexadeuterado), teor de pureza pureza isotópica de 99,9 atom % d, característica adicional com 0,03% v/v de TMS, número de referência química CAS 2206-27-1. Fornecimento em caixa com 10 ampolas de 0,75mL. | C51: Ampola de 0,75mL | D51: 419288 | E51: CTF/APP: FTE - Categoria: Indústria Química; Código:15 | F51: =3*10 -> 30 | G51: =276/10 -> 27.6 | H51: =F51*ROUND(G51,2) -> 828 | I51: SIM | J51: Aberto | K51: =VLOOKUP(G51, Intervalos!$B$3:$C$8,2,TRUE) -> 0.05
A52: 47 | B52: E.D.T.A Tetrassódico Dihidratado (Ácido etilenodiaminotetracético) - Aspecto físico: pó branco cristalino, Fórmula química: C10H12N2Na4O8.2H2O, Peso molecular: 416,20, Pureza mínima: 98%, Número de referência química: CAS 10378-23-1. Fornecimento em frasco de 500g. | C52: Grama | D52: 420808 | E52: CTF/APP: FTE - Categoria: Indústria Química; Código:15 | F52: 1000 | G52: 1.69 | H52: =F52*ROUND(G52,2) -> 1690 | I52: SIM | J52: Aberto | K52: =VLOOKUP(G52, Intervalos!$B$3:$C$8,2,TRUE) -> 0.01
A53: 48 | B53: Espessante alimentar para deglutição - Produto sem sabor composto por Maltodextrina, espessante goma xantana e gelificante cloreto de potássio. Carboidratos: 100% Maltodextrina. Fornecimento em frasco de 225 gramas. | C53: Grama | D53: 469233 | E53: CTF/APP: FTE - Categoria: Indústria de Produtos Alimentares e Bebida; Código:16 | F53: =13*225 -> 2925 | G53: =41.74/225 -> 0.18551111 | H53: =F53*ROUND(G53,2) -> 555.75 | I53: SIM | J53: Aberto | K53: =VLOOKUP(G53, Intervalos!$B$3:$C$8,2,TRUE) -> 0.01
A54: 49 | B54: Essência aroma menta natural Grau alimentício solúvel embalagem com 100ml Ingredientes: Água, Álcool, Açúcar invertido, aromas idênticos aos naturais e artificiais Não contém glúten Grau alimentício. | C54: frasco de 100 mL | D54: 389473 | E54: CTF/APP: FTE - Categoria: Indústria Química; Código:15 | F54: 8 | G54: 34.21 | H54: =F54*ROUND(G54,2) -> 273.68 | I54: SIM | J54: Aberto | K54: =VLOOKUP(G54, Intervalos!$B$3:$C$8,2,TRUE) -> 0.05
A55: 50 | B55: Essência aromática, aspecto físico líquido amarelado, tipo de origem vegetal, planta originária passiflora edulis, odor maracujá, uso cosmetico. Fornecimento em frasco de 100 mL. | C55: Mililitro | D55: 422629 | E55: CTF/APP: FTE - Categoria: Indústria Química; Código:15 | F55: =25*100 -> 2500 | G55: =22.32/100 -> 0.2232 | H55: =F55*ROUND(G55,2) -> 550 | I55: SIM | J55: Aberto | K55: =VLOOKUP(G55, Intervalos!$B$3:$C$8,2,TRUE) -> 0.01
A56: 51 | B56: Essência aromática, aspecto físico líquido, tipo de origem vegetal, planta originária pimpinella anisum l., odor erva-doce, uso cosmético. Fornecimento em frasco de 100 mL. | C56: Mililitro | D56: 367771 | E56: CTF/APP: FTE - Categoria: Indústria Química; Código:15 | F56: =13*100 -> 1300 | G56: =20.44/100 -> 0.2044 | H56: =F56*ROUND(G56,2) -> 260 | I56: SIM | J56: Aberto | K56: =VLOOKUP(G56, Intervalos!$B$3:$C$8,2,TRUE) -> 0.01
A57: 52 | B57: Essência aromática, aspecto físico: líquido castanho claro, tipo de origem vegetal, planta originária avena sativa l., odor aveia, uso cosmético. Fornecimento em frasco de 100 mL. | C57: Mililitro | D57: 422630 | E57: CTF/APP: FTE - Categoria: Indústria Química; Código:15 | F57: =163*100 -> 16300 | G57: =29.9/100 -> 0.299 | H57: =F57*ROUND(G57,2) -> 4890 | I57: SIM | J57: Aberto | K57: =VLOOKUP(G57, Intervalos!$B$3:$C$8,2,TRUE) -> 0.01
A58: 53 | B58: Essência de cereja, uso alimentício. Fornecimento em frasco de 100 mL | C58: Mililitro | D58: 457582 | E58: CTF/APP: FTE - Categoria: Indústria Química; Código:15 | F58: 6300 | G58: 0.4 | H58: =F58*ROUND(G58,2) -> 2520 | I58: SIM | J58: Aberto | K58: =VLOOKUP(G58, Intervalos!$B$3:$C$8,2,TRUE) -> 0.01
A59: 54 | B59: Estanho Granulado (20 Mesh) P.A - Aspecto físico: sólido, granulado fino. Peso molecular: 118,71, Número de referência química: CAS 7440-31-5. Fornecimento em frasco de 100 g. | C59: Grama | D59: 437506 | E59: CTF/APP: FTE - Categoria: Indústria Química; Código:15 | F59: 300 | G59: 1.67 | H59: =F59*ROUND(G59,2) -> 501 | I59: SIM | J59: Aberto | K59: =VLOOKUP(G59, Intervalos!$B$3:$C$8,2,TRUE) -> 0.01
A60: 55 | B60: Estearato de Magnésio - Formula molecular: C36H70MgO4 Peso molecular: 591.25 Características: Pó Odor: Característico Teor de magnésio: 4,0 - 5,0% Teor base anidra: Min. 95,0% CAS: 557-04-0. Fornecimento em frasco de 500g. | C60: Grama | D60: 373593 | E60: CTF/APP: FTE - Categoria: Indústria Química; Código:15 | F60: 2000 | G60: 0.37 | H60: =F60*ROUND(G60,2) -> 740 | I60: SIM | J60: Aberto | K60: =VLOOKUP(G60, Intervalos!$B$3:$C$8,2,TRUE) -> 0.01
A61: 56 | B61: Éter de petróleo (30-70°C) P.A. Aspecto físico: líquido incolor, límpido, com odor de gasolina, Fórmula química: mistura de hidrocarbonetos derivados do petróleo, Faixa de destilação: destilados entre 30 e 60°C, Teor de pureza mínima de 99,5%, Número de referência química: CAS 8032-32-4. Fornecimento em frasco de 1 litro | C61: Litro | D61: 352740 | E61: CTF/APP: FTE - Categoria: Indústria Química; Código:15 | F61: 38 | G61: 89.36 | H61: =F61*ROUND(G61,2) -> 3395.68 | I61: SIM | J61: Aberto | K61: =VLOOKUP(G61, Intervalos!$B$3:$C$8,2,TRUE) -> 0.1
A62: 57 | B62: Fenol - Aspecto físico: líquido incolor, odor adocicado característico, Fórmula química: C6H5OH, Peso molecular: 94,11 g/mol, Grau de pureza mínima: 90%, Número de referência química: CAS 108-95-2 | C62: Litro | D62: 355507 | E62: CTF/APP: FTE - Categoria: Indústria Química; Código:15 | F62: 3 | G62: 96.52 | H62: =F62*ROUND(G62,2) -> 289.56 | I62: SIM | J62: Aberto | K62: =VLOOKUP(G62, Intervalos!$B$3:$C$8,2,TRUE) -> 0.1
A63: 58 | B63: Fenolftaleína P.A A.C.S - Aspecto físico: Cristalino Branco, Fórmula química: C20h14o4, Peso molecular: 318,33 G/Mol, Número de referência química Cas 77-09-8. Fornecimento em frasco de 25g | C63: Grama | D63: 366475 | E63: CTF/APP: FTE - Categoria: Indústria Química; Código:15 | F63: 300 | G63: 1.11 | H63: =F63*ROUND(G63,2) -> 333 | I63: SIM | J63: Aberto | K63: =VLOOKUP(G63, Intervalos!$B$3:$C$8,2,TRUE) -> 0.01
A64: 59 | B64: Formaldeído (formol) a 37%. Fornecimento em bombona de 50L | C64: Litro | D64: 362990 | E64: CTF/APP: FTE - Categoria: Indústria Química; Código:15 | F64: 4200 | G64: 12.22 | H64: =F64*ROUND(G64,2) -> 51324 | I64: SIM | J64: Aberto | K64: =VLOOKUP(G64, Intervalos!$B$3:$C$8,2,TRUE) -> 0.03
A65: 60 | B65: Fosfato de Sódio Monobásico Anidro P.A - Aspecto Físico: Pó Branco, Fórmula Química: Nah2po4, Peso Molecular: 119,98 G/Mol, Pureza Mínima: 98%, Número De Referência Química: Cas 7558-80-7. Fornecimento em frasco de 500g | C65: Grama | D65: 347727 | E65: CTF/APP: FTE - Categoria: Indústria Química; Código:15 | F65: 2500 | G65: 0.14 | H65: =F65*ROUND(G65,2) -> 350 | I65: SIM | J65: Aberto | K65: =VLOOKUP(G65, Intervalos!$B$3:$C$8,2,TRUE) -> 0.01
A66: 61 | B66: Fosfato de sódio monobásico monohidratado P.A.-A.C.S. Fórmula Molecular: NaH2PO4.H2O, Peso molecular: 137,99, Aspecto físico grânulos brancos cristalinos, grau de pureza mínima de 99%, número de referência química cas 10049-21-5. Fornecimento em frasco de 500g. | C66: Grama | D66: 410732 | E66: CTF/APP: FTE - Categoria: Indústria Química; Código:15 | F66: 4000 | G66: 0.12 | H66: =F66*ROUND(G66,2) -> 480 | I66: SIM | J66: Aberto | K66: =VLOOKUP(G66, Intervalos!$B$3:$C$8,2,TRUE) -> 0.01
A67: 62 | B67: Frutose D pura - Aspecto físico: cristal branco, inodoro. Peso molecular: 180,16 g/mol. Fórmula química: C6H12O6 (D-FRUTOSE), Grau de pureza mínima: 99%. Número de referência química: CAS 57-48-7. Fornecimento em frasco de 100g | C67: Grama | D67: 372555 | E67: CTF/APP: FTE - Categoria: Indústria Química; Código:15 | F67: 2500 | G67: 0.18 | H67: =F67*ROUND(G67,2) -> 450 | I67: SIM | J67: Aberto | K67: =VLOOKUP(G67, Intervalos!$B$3:$C$8,2,TRUE) -> 0.01
A68: 63 | B68: Furfural P.S. Aspecto Físico: Líquido Incolor A Levemente Amarelado; Fórmula Química: C5h4o2; Peso Molecular: 96,08 G/MOL; Grau De Pureza: Pureza Mínima De 98%; Característica Adicional: Reagente P.S; Número De Referência Química: Cas 98-01-1. Fornecimento em frasco de 500 ml | C68: Mililitro | D68: 401109 | E68: CTF/APP: FTE - Categoria: Indústria Química; Código:15 | F68: =2*500 -> 1000 | G68: =167.15/500 -> 0.3343 | H68: =F68*ROUND(G68,2) -> 330 | I68: SIM | J68: Aberto | K68: =VLOOKUP(G68, Intervalos!$B$3:$C$8,2,TRUE) -> 0.01
A69: 64 | B69: Gás CO2 com pureza mínima de 99,9%, fornecido em cilindros de 33kg sob regime de comodato ou em cilindro. | C69: Quilograma | D69: 415127 | E69: CTF/APP: FTE - Categoria: Indústria Química; Código:15 | F69: =9*33 -> 297 | G69: =521.62/33 -> 15.806667 | H69: =F69*ROUND(G69,2) -> 4695.57 | I69: SIM | J69: Aberto | K69: =VLOOKUP(G69, Intervalos!$B$3:$C$8,2,TRUE) -> 0.03
A70: 65 | B70: Gás comprimido, nome acetileno. Aspecto físico: incolor, odor de alho, inflamável, Fórmula Química: C2H2, Massa molecular: 26,04, Grau: 2.8 absorção atômica, Pureza Mínima: 99,8% Número de referência química: CAS 74-86-2 - Fornecimento como recarga em comodato ou em cilindro de 9Kg. | C70: Quilograma | D70: 456087 | E70: CTF/APP: FTE - Categoria: Indústria Química; Código:15 | F70: 18 | G70: 307.04 | H70: =F70*ROUND(G70,2) -> 5526.72 | I70: SIM | J70: Aberto | K70: =VLOOKUP(G70, Intervalos!$B$3:$C$8,2,TRUE) -> 0,10%
A71: 66 | B71: Gelatina U.S.P - Aspecto físico: pó, Número de referência química: cas 9000-70-8 | C71: frasco de 500g | D71: 335179 | E71: CTF/APP: FTE - Categoria: Indústria Química; Código:15 | F71: 4 | G71: 86.16 | H71: =F71*ROUND(G71,2) -> 344.64 | I71: SIM | J71: Aberto | K71: =VLOOKUP(G71, Intervalos!$B$3:$C$8,2,TRUE) -> 0.1
A72: 67 | B72: Graxa De Silicone Para Alto Vácuo - Aspecto físico: Sólido Pastoso Incolor, Composição: Polímero De Metilsiloxano, Pureza mínima: 99,5%, Número de referência química: Cas 63148-52-7. Fornecimento em frasco de 100g | C72: frasco de 100g | D72: 272208 | E72: CTF/APP: FTE - Categoria: Indústria Química; Código:15 | F72: 8 | G72: 59.73 | H72: =F72*ROUND(G72,2) -> 477.84 | I72: SIM | J72: Aberto | K72: =VLOOKUP(G72, Intervalos!$B$3:$C$8,2,TRUE) -> 0.1
A73: 68 | B73: Hidróxido de Bário Anidro - Aspecto físico: pó branco, Peso molecular: 171,34 g/mol, Fórmula química: Ba(OH)2, Pureza mínima: 95%, Número de referência química: CAS 17194-00-2. Fornecimento em frasco de 500g | C73: Grama | D73: 391782 | E73: CTF/APP: FTE - Categoria: Indústria Química; Código:15 | F73: 1500 | G73: 0.95 | H73: =F73*ROUND(G73,2) -> 1425 | I73: SIM | J73: Aberto | K73: =VLOOKUP(G73, Intervalos!$B$3:$C$8,2,TRUE) -> 0.01
A74: 69 | B74: Hidróxido de cobre P.A. - Aspecto físico: pó, fórmula química: Cu(OH)2, Peso molecular: 97,56 g/mol, número de referência química cas 20427-59-2. Fornecimento em frasco de 250g | C74: Grama | D74: 391231 | E74: CTF/APP: FTE - Categoria: Indústria Química; Código:15 | F74: 3250 | G74: 1.92 | H74: =F74*ROUND(G74,2) -> 6240 | I74: SIM | J74: Aberto | K74: =VLOOKUP(G74, Intervalos!$B$3:$C$8,2,TRUE) -> 0.01
A75: 70 | B75: Hidróxido de potássio P.A A.C.S - Aspecto físico: Sólido - lentilha branca, Peso molecular: 56,11 g/mol, Fórmula química: KOH, Pureza mínima: 85%, densidade relativa: 2,044 g/cm3, Número de referência química: CAS 1310-58-3. Fornecimento em frasco de 500g. | C75: Grama | D75: 347797 | E75: CTF/APP: FTE - Categoria: Indústria Química; Código:15 | F75: 6500 | G75: 0.16 | H75: =F75*ROUND(G75,2) -> 1040 | I75: SIM | J75: Aberto | K75: =VLOOKUP(G75, Intervalos!$B$3:$C$8,2,TRUE) -> 0.01
A76: 71 | B76: Hidróxido de sódio P.A - Aspecto físico: escamas esbranquiçadas, altamente higroscópico, Peso molecular: 40 g/mol, Fórmula química: NaOH, Pureza mínima de 98%, número de referência química: cas 1310-73-2. Fornecimento em frasco de 1 kg. | C76: Quilograma | D76: 346030 | E76: CTF/APP: FTE - Categoria: Indústria Química; Código:15 | F76: 34 | G76: 32.95 | H76: =F76*ROUND(G76,2) -> 1120.3 | I76: SIM | J76: Aberto | K76: =VLOOKUP(G76, Intervalos!$B$3:$C$8,2,TRUE) -> 0.05
A77: 72 | B77: Hidróxido de sódio P.A A.C.S - Aspecto físico: Sólido – Lentilhas ou micropérolas esbranquiçadas, Peso molecular: 40,00 g/mol, Fórmula química: NaOH, Pureza mínima: 99%, Número de referência química CAS 1310-73-2. Fornecimento em frasco de 1 kg | C77: Quilograma | D77: 378590 | E77: CTF/APP: FTE - Categoria: Indústria Química; Código:15 | F77: 23 | G77: 93.39 | H77: =F77*ROUND(G77,2) -> 2147.97 | I77: SIM | J77: Aberto | K77: =VLOOKUP(G77, Intervalos!$B$3:$C$8,2,TRUE) -> 0.1
A78: 73 | B78: Hidroxietilcelulose (HEC). material não iônico solúvel em água derivado da celulose. CAS 9004-62-0. É atóxico, fibroso ou em pó preparado por eterificação de celulose alcalina e óxido de etileno (ou cloroetanol), que pertence aos éteres de celulose solúveis não iônicos. Características: Pó branco a amarelo claro e inodoro. Fórmula molecular: C4H10O2S2. Fornecimento em frasco de 1kg. | C78: Quilograma | D78: 378608 | E78: CTF/APP: FTE - Categoria: Indústria Química; Código:15 | F78: 14 | G78: 250 | H78: =F78*ROUND(G78,2) -> 3500 | I78: SIM | J78: Aberto | K78: =VLOOKUP(G78, Intervalos!$B$3:$C$8,2,TRUE) -> 0,10%
A79: 74 | B79: Hipoclorito de sódio - Aspecto físico: líquido amarelo esverdeado, Concentração: teor mínimo de 10 % de cloro ativo, Características adicionais: produto concentrado, não estabilizado. Fornecimento em galão de 5 litros. | C79: Litro | D79: 343298 | E79: CTF/APP: FTE - Categoria: Indústria Química; Código:15 | F79: 240 | G79: 5.12 | H79: =F79*ROUND(G79,2) -> 1228.8 | I79: SIM | J79: Aberto | K79: =VLOOKUP(G79, Intervalos!$B$3:$C$8,2,TRUE) -> 0.02
A80: 75 | B80: Hipoclorito de sódio 5%. Aspecto físico: líquido amarelo esverdeado, Concentração: teor mínimo de 5% de cloro ativo, Características adicionais: produto concentrado, não estabilizado. Fornecimento em galão de 5 litros. | C80: Litro | D80: 437157 | E80: CTF/APP: FTE - Categoria: Indústria Química; Código:15 | F80: 65 | G80: 4.15 | H80: =F80*ROUND(G80,2) -> 269.75 | I80: SIM | J80: Aberto | K80: =VLOOKUP(G80, Intervalos!$B$3:$C$8,2,TRUE) -> 0.01
A81: 76 | B81: Hipoclorito De Sódio, Aspecto Físico Líquido Amarelo Esverdeado, Concentração Teor Mínimo De 12 % De Cloro Ativo, Características Adicionais Produto Concentrado, Não Estabilizado. Fornecimento em frasco de 1L. | C81: Litro | D81: 343299 | E81: CTF/APP: FTE - Categoria: Indústria Química; Código:15 | F81: 32 | G81: 20 | H81: =F81*ROUND(G81,2) -> 640 | I81: SIM | J81: Aberto | K81: =VLOOKUP(G81, Intervalos!$B$3:$C$8,2,TRUE) -> 0.05
... A85: 80 | B85: Metabissulfito de potássio P.A - Aspecto físico: cristal incolor ou branco, odor de enxofre, Peso molecular: 222,32g/mol, Fórmula química: K2S2O5, Grau de pureza mínima de 96%, Número de referência química: CAS 16731-55-8. Fornecimento em frasco de 500g. | C85: Grama | D85: 383943 | E85: CTF/APP: FTE - Categoria: Indústria Química; Código:15 | F85: 4000 | G85: 0.13 | H85: =F85*ROUND(G85,2) -> 520 | I85: SIM | J85: Aberto | K85: =VLOOKUP(G85, Intervalos!$B$3:$C$8,2,TRUE) -> 0.01
A86: 81 | B86: Metanol deuterado - Aspecto físico: líquido límpido, incolor. Fórmula química: CD4O (Tetra deuterado), Peso molecular: 36,07 g/mol, Grau de pureza mínima: 99,8 ATOM % D, contém 0.03 % (v/v) TMS. Número de referência química: CAS 811-98-3. Fornecimento em caixa com 10 ampolas de 0,75mL | C86: Ampola de 0,75mL | D86: 363106 | E86: CTF/APP: FTE - Categoria: Indústria Química; Código:15 | F86: =3*10 -> 30 | G86: =486/10 -> 48.6 | H86: =F86*ROUND(G86,2) -> 1458 | I86: SIM | J86: Aberto | K86: =VLOOKUP(G86, Intervalos!$B$3:$C$8,2,TRUE) -> 0.05
A87: 82 | B87: Metanol deuterado - Aspecto físico: líquido límpido, incolor. Fórmula química: CD4O (Tetra deuterado), Peso molecular: 36,07 g/mol, Grau de pureza mínima: 99,8 ATOM % D, Número de referência química: CAS 811-98-3. Fornecimento em frasco de 10g | C87: Grama | D87: 361929 | E87: CTF/APP: FTE - Categoria: Indústria Química; Código:15 | F87: 20 | G87: 76.9 | H87: =F87*ROUND(G87,2) -> 1538 | I87: SIM | J87: Aberto | K87: =VLOOKUP(G87, Intervalos!$B$3:$C$8,2,TRUE) -> 0.1
A88: 83 | B88: Nitrato de bário P.A A.C.S - Aspecto físico: Sólido branco, Fórmula química: Ba(NO3)2, Peso molecular: 261,34 g/mol, Pureza mínima: 99%, Número de referência química CAS 10022-31-8. Fornecimento em frasco de 500g | C88: Grama | D88: 359011 | E88: CTF/APP: FTE - Categoria: Indústria Química; Código:15 | F88: 2000 | G88: 0.29 | H88: =F88*ROUND(G88,2) -> 580 | I88: SIM | J88: Aberto | K88: =VLOOKUP(G88, Intervalos!$B$3:$C$8,2,TRUE) -> 0.01
A89: 84 | B89: Nitrato de bismuto P.A A.C.S - Aspecto físico: Sólido branco, Fórmula química: Bi(NO3)3· 5H2O , Peso molecular: 485.07 g/mol, Pureza mínima: 98%, Número de referência química CAS 10035-06-0. . Fornecimento em frasco de 100g | C89: Grama | D89: 353053 | E89: CTF/APP: FTE - Categoria: Indústria Química; Código:15 | F89: 900 | G89: 0.91 | H89: =F89*ROUND(G89,2) -> 819 | I89: SIM | J89: Aberto | K89: =VLOOKUP(G89, Intervalos!$B$3:$C$8,2,TRUE) -> 0.01
A90: 85 | B90: Nitrato de ferro III (ico) Nonahidratado P.A A.C.S - Aspecto físico: Sólido, Peso molecular: 404,00 g/mol, Fórmula química: Fe(NO3)3.9H2O, Pureza mínima: 98%, Número de referência química CAS 7782-61-8. Fornecimento em frasco de 500g. | C90: Grama | D90: 412727 | E90: CTF/APP: FTE - Categoria: Indústria Química; Código:15 | F90: 2500 | G90: 0.17 | H90: =F90*ROUND(G90,2) -> 425 | I90: SIM | J90: Aberto | K90: =VLOOKUP(G90, Intervalos!$B$3:$C$8,2,TRUE) -> 0.01
A91: 86 | B91: Nitrato de manganês (II) tetrahidratado P.A A.C.S - Aspecto físico: Sólido cristalino vermelho-claro, Fórmula química: Mn(NO3)2.4H2O, Peso molecular: 251,01 g/mol, Pureza mínima: 99%, Número de referência química CAS 20694-39-7. Fornecimento em frasco de 250g. | C91: Grama | D91: 359023 | E91: CTF/APP: FTE - Categoria: Indústria Química; Código:15 | F91: 750 | G91: 4.58 | H91: =F91*ROUND(G91,2) -> 3435 | I91: SIM | J91: Aberto | K91: =VLOOKUP(G91, Intervalos!$B$3:$C$8,2,TRUE) -> 0.01
A92: 87 | B92: Nitrato de prata P.A A.C.S - Aspecto físico: Sólido incolor, Fórmula química: AgNO3, Peso molecular: 169,87 g/mol, Pureza mínima: 99,0%, Número de referência química CAS 7761-88-8. Fornecimento em frasco de 250g. | C92: Grama | D92: 412728 | E92: CTF/APP: FTE - Categoria: Indústria Química; Código:15 | F92: 9250 | G92: 34 | H92: =F92*ROUND(G92,2) -> 314500 | I92: NÃO | J92: Aberto | K92: =VLOOKUP(G92, Intervalos!$B$3:$C$8,2,TRUE) -> 0.05
A93: 88 | B93: Nitrato de sódio P.A A.C.S - Aspecto físico: Sólido, Fórmula química: NaNO3, Peso molecular: 84,99 g/mol, Pureza mínima: 99%, Número de referência química CAS 7631-99-4. Fornecimento em frasco de 500g. | C93: Grama | D93: 412729 | E93: CTF/APP: FTE - Categoria: Indústria Química; Código:15 | F93: 8500 | G93: 0.07 | H93: =F93*ROUND(G93,2) -> 595 | I93: SIM | J93: Aberto | K93: =VLOOKUP(G93, Intervalos!$B$3:$C$8,2,TRUE) -> 0.01
A94: 89 | B94: Nitroprussiato de sódio dihidratado (Nitroferricianeto (III) de sódio dihidratado) P.A A.C.S - Aspecto físico: Sólido; Fórmula química: Na2[Fe(CN)5NO].2H2O, Peso molecular: 297,95 g/mol, Pureza mínima: 99%, Número de referência química: CAS 13755-38-9. Fornecimento em frasco de 100g. | C94: Grama | D94: 369000 | E94: CTF/APP: FTE - Categoria: Indústria Química; Código:15 | F94: 200 | G94: 1.26 | H94: =F94*ROUND(G94,2) -> 252 | I94: SIM | J94: Aberto | K94: =VLOOKUP(G94, Intervalos!$B$3:$C$8,2,TRUE) -> 0.01
A95: 90 | B95: Óxido de cálcio P.A. granulado puro - Aspecto físico: Sólido branco ou levemente amarelado , Peso Molecular: 56,08 G/Mol, Fórmula química: CaO , Pureza Mínima: 95%, Número de referência química: CAS 1305-78-8. Fornecimento em frasco de 500g | C95: Grama | D95: 348679 | E95: CTF/APP: FTE - Categoria: Indústria Química; Código:15 | F95: 6500 | G95: 0.05 | H95: =F95*ROUND(G95,2) -> 325 | I95: SIM | J95: Aberto | K95: =VLOOKUP(G95, Intervalos!$B$3:$C$8,2,TRUE) -> 0.01
A96: 91 | B96: Óxido de estanho P.A. - aspecto físico pó branco, levemente acinzentado, inodoro, fórmula química SnO2 (óxido estânico - IV), peso molecular 150,71, grau de pureza pureza mínima de 99,8%, número de referência química cas 18282-10-5. Fornecimento em frasco de 500g | C96: Grama | D96: 376193 | E96: CTF/APP: FTE - Categoria: Indústria Química; Código:15 | F96: 1500 | G96: 7.71 | H96: =F96*ROUND(G96,2) -> 11565 | I96: SIM | J96: Aberto | K96: =VLOOKUP(G96, Intervalos!$B$3:$C$8,2,TRUE) -> 0.02
A97: 92 | B97: Óxido de Térbio (III) - Aspecto físico: pó, Peso molecular: 365, 85, Fórmula linear:Tb2O3. Pureza mínima de 99,9%, Número de referência química: CAS 12036-41-8. Fornecimento em frasco de 2g. | C97: Grama | D97: 381833 | E97: CTF/APP: FTE - Categoria: Indústria Química; Código:15 | F97: 6 | G97: 943.5 | H97: =F97*ROUND(G97,2) -> 5661 | I97: SIM | J97: Aberto | K97: =VLOOKUP(G97, Intervalos!$B$3:$C$8,2,TRUE) -> 0,10%
A98: 93 | B98: Óxido de Zinco P.A. - Aspecto físico: Sólido pó finíssimo, branco amarelado, Peso molecular: 81,39 g/mol, Fórmula química: ZnO, Pureza mínima: 99%, Número de referência química: CAS 1314-13-2. Fornecimento em frasco de 500g | C98: Grama | D98: 361551 | E98: CTF/APP: FTE - Categoria: Indústria Química; Código:15 | F98: 2500 | G98: 0.13 | H98: =F98*ROUND(G98,2) -> 325 | I98: SIM | J98: Aberto | K98: =VLOOKUP(G98, Intervalos!$B$3:$C$8,2,TRUE) -> 0.01
... A102: 97 | B102: Potássio metálico - Aspecto físico: pedaços, cor acinzentada, inodoro, Peso molecular: 39,10, Fórmula química K , Grau de pureza mínima de 98%, Característica adicional: reagente, número de referência química cas 7440-09-7. Fornecimento em frasco de 100g | C102: Grama | D102: 348184 | E102: CTF/APP: FTE - Categoria: Indústria Química; Código:15 | F102: 300 | G102: 56.59 | H102: =F102*ROUND(G102,2) -> 16977 | I102: SIM | J102: Aberto | K102: =VLOOKUP(G102, Intervalos!$B$3:$C$8,2,TRUE) -> 0.1
A103: 98 | B103: Primidona, padrão analítico, 97,5%, peso molecular 218,25; número CAS 125-33-7. Fornecimento em frasco com 100mg. | C103: Miligrama | D103: 636408 | E103: CTF/APP: FTE - Categoria: Indústria Química; Código:15 | F103: =13*100 -> 1300 | G103: =1141.58/100 -> 11.4158 | H103: =F103*ROUND(G103,2) -> 14846 | I103: SIM | J103: Aberto | K103: =VLOOKUP(G103, Intervalos!$B$3:$C$8,2,TRUE) -> 0.03
A104: 99 | B104: Propionato de cálcio P.A. Fórmula molecular: C6H10CaO4 Massa molar: 186,22 g/mol. Aspecto físico: Sólido cristalino branco. Número CAS 4075-81-4. Sal de cálcio do Ácido propanoico. Fornecimento em frasco de 250g. | C104: Grama | D104: 389203 | E104: CTF/APP: FTE - Categoria: Indústria Química; Código:15 | F104: 750 | G104: 0.53 | H104: =F104*ROUND(G104,2) -> 397.5 | I104: SIM | J104: Aberto | K104: =VLOOKUP(G104, Intervalos!$B$3:$C$8,2,TRUE) -> 0.01
A105: 100 | B105: Queratina hidrolizada - Fórmula molecular: C2H2BrClO2; Peso molecular: 173,39; CAS 69430-36-0; Aspecto líquido amarelo | C105: frasco de 1L | D105: 453956 | E105: CTF/APP: FTE - Categoria: Indústria Química; Código:15 | F105: 13 | G105: 122.23 | H105: =F105*ROUND(G105,2) -> 1588.99 | I105: SIM | J105: Aberto | K105: =VLOOKUP(G105, Intervalos!$B$3:$C$8,2,TRUE) -> 0,10%
A106: 101 | B106: Querosene - composição 100% destilado de petróleo, aplicação limpeza em geral, para diluição produtos quimicos, características adicionais sem benzeno ou álcool e sem água. Fornecimento em Frasco de 1 litro | C106: Litro | D106: 601033 | E106: CTF/APP: FTE - Categoria: Indústria Química; Código:15 | F106: 14 | G106: 26.75 | H106: =F106*ROUND(G106,2) -> 374.5 | I106: SIM | J106: Aberto | K106: =VLOOKUP(G106, Intervalos!$B$3:$C$8,2,TRUE) -> 0.05
A107: 102 | B107: Reagente Folin e Ciocalteu para doseamento de fenólicos - Aspecto líquido: Coloração Amarelo-esverdeada, Odor acre, pH < 0.5 a 20 °C. Mistura contendo os seguintes componentes: Sulfato de lítio (No. CAS 10377-48-7, No. CE 233-820-4); Ácido clorídrico (No. CAS 7647-01-0, No. CE 231-595-7); Ácido fosfórico (No. CAS 7664-38-2, No. CE 231-633-2); Tungstato dissódico dihidratado (No. CAS 10213-10-2, No. CE 236-743-4). Fornecimento em frasco de 500 mL. | C107: Mililitro | D107: 361066 | E107: CTF/APP: FTE - Categoria: Indústria Química; Código:15 | F107: =5*500 -> 2500 | G107: =203.92/500 -> 0.40784 | H107: =F107*ROUND(G107,2) -> 1025 | I107: SIM | J107: Aberto | K107: =VLOOKUP(G107, Intervalos!$B$3:$C$8,2,TRUE) -> 0.01
...

Sheet Intervalos
B2: Valor Unitário Estimado (Faixa) | C2: Diferença Mínima de Valores / Percentuais de Lances | E2: Interpretação
B3: 0.01 | C3: 0.01 | E3: R$ 0,01 - R$ 5,00 => R$ 0,01
B4: 5 | C4: 0.02 | E4: R$ 5,01 - R$ 10,00 => R$ 0,02
B5: 10 | C5: 0.03 | E5: R$ 10,01 - R$ 20,00 => R$ 0,03
B6: 20 | C6: 0.05 | E6: R$ 20,01 - R$ 50,00 => R$ 0,05
B7: 50 | C7: 0.1 | E7: R$ 50,01 - R$ 100,00 => R$ 0,10
B8: 100 | C8: 0,10% | E8: Acima de R$ 100,00 => 0,10%
